 Dungeon Crawl Stone Soup version bcrawl-1.21.2-1-g32d02e0829 (webtiles) character file.

Game seed: 17012782254090199833

148 Bnni the Shield-Bearer (level 5, 0/41 HPs)
             Began as an Oni Fire Elementalist on Feb 21, 2020.
             Slain by a crimson imp (2 damage)
             ... on level 2 of the Dungeon.
             The game lasted 00:06:21 (1951 turns).

Bnni the Shield-Bearer (Oni Fire Elementalist)      Turns: 1951, Time: 00:06:21

Health: 0/41       AC:  2    Str: 15    XL:     5   Next: 30%
Magic:  10/10      EV: 12    Int: 17    God:
Gold:   142        SH:  4    Dex: 11    Spells: 0/8 levels left

rFire    . . .     SeeInvis .   g - +2 spear (pain)
rCold    . . .     Gourm    .   h - +0 buckler
rNeg     . . .     Faith    .   a - +0 animal skin
rPois    .         Spirit   .   (helmet restricted)
rElec    .         Reflect  .   (no cloak)
rCorr    .         Harm     .   (no gloves)
MR       .....                  (no boots)
Stlth    ++........             (no amulet)
HPRegen  0.13/turn              d - +3 ring of strength
MPRegen  0.12/turn              (no ring)

@: no status effects
A: oni magic, claws 1, fangs 1, horns 1
a: no special abilities


You were on level 2 of the Dungeon.
You were not hungry.

You visited 1 branch of the dungeon, and saw 2 of its levels.

You collected 142 gold pieces.

Inventory:

Hand Weapons
 g - a +2 spear of pain (weapon)
Missiles
 c - 888 stones (quivered)
Armour
 a - a +0 animal skin (worn)
 h - a +0 buckler (worn)
Jewellery
 d - a +3 ring of strength (left claw)
Scrolls
 i - 2 scrolls of identify {unknown}
 l - a scroll of amnesia {unknown}
 m - a scroll of fog {unknown}
Potions
 b - a potion of flight {unknown}
 f - a potion of curing {unknown}
 j - 2 potions of cancellation
 k - a potion of lignification {unknown}
 n - a potion of haste {unknown}
 p - a potion of magic
Comestibles
 e - 5 rations {!d}


   Skills:
 + Level 2.2 Fighting
 - Level 1.7 Dodging
 - Level 1.7 Stealth
 * Level 2.8 Shields
 + Level 2.2 Spellcasting
   Level 2.2 Conjurations
   Level 2.2 Hexes
   Level 2.2 Charms
   Level 2.2 Summonings
   Level 2.2 Necromancy
   Level 2.2 Translocations
   Level 2.2 Transmutations
   Level 2.2 Fire Magic
   Level 2.2 Ice Magic
   Level 2.2 Air Magic
   Level 2.2 Earth Magic
   Level 2.2 Poison Magic


You couldn't memorise any spells.
You knew the following spells:

 Your Spells              Type           Power        Failure   Level  Hunger
a - Flame Tongue          Conj/Fire      #....        9%          1    #......
c - Conjure Flame         Conj/Fire      #.......     26%         3    ###....
s - Sticky Flame          Conj/Fire      #.......     65%         4    #####..

Your spell library contained the following spells:

 Spells                   Type           Power        Failure   Level  Hunger
 Apportation              Tloc           ##....       8%          1    #......
 Searing Ray              Conj           ##......     12%         2    ###....
 Flaming Arrows           Chrm/Fire      #.......     13%         2    ###....
 Inner Flame              Hex/Fire       N/A          26%         3    ###....
 Fireball                 Conj/Fire      #.........   94%         5    ######.


Dungeon Overview and Level Annotations

Branches:
Dungeon (2/12)

Altars:


Innate Abilities, Weirdness & Mutations

You learn spells by gaining experience, not through books or religion.
You only train spellcasting to practice magic.
You have sharp fingernails.
You have very sharp teeth.
You have a pair of small horns on your head.


Message History

You hit the crimson imp.
The crimson imp is moderately wounded.
The crimson imp barely misses you.
It was a potion of cancellation.
You feel magically purged. The crimson imp closely misses you.
Attack whom?
Press: ? - help, Dir - move target cursor, f/p - crimson imp
Aim: a crimson imp (lightly wounded)
You closely miss the crimson imp. You headbutt the crimson imp.
The crimson imp is lightly wounded.
The crimson imp blinks!
Attack whom?
Press: ? - help, Dir - move target cursor, f/p - crimson imp
Aim: a crimson imp You hit the crimson imp but do no damage.
The crimson imp hits you.
* * * LOW HITPOINT WARNING * * *
It was a potion of magic.
Magic courses through your body. The crimson imp hits you.
You die...

...######.#..#.# #.†##
##)#.#.# ....# ###.#.# ###
###.# #.#.# ..#
#.########.#.### #)#
###..............# #.#
....########.###.##########
#.# .#..# #.#
#<.........####.# ....#
#.###@5.....<.......##
.#### ###
#......#######........ ...
..# #.#.##.# ######### .###
#.# #.#.##.# .# #.#
#.#....# .# #.# #.####.# .#
###.####.# #.# # .#
#........# #.########## #
.##
#.#.#########..........# #


You could see a crimson imp.

Vanquished Creatures
  A sky beast (D:2)
  A gnoll (D:1)
  5 dart slugs
  A giant cockroach (D:1)
  5 goblins (D:1)
  4 hobgoblins
  4 kobolds
  5 bats
  5 frilled lizards
  3 rats
34 creatures vanquished.

Notes
Turn   | Place    | Note
-------+----------+-------------------------------------------
     0 | D:1      | Bnni the Oni Fire Elementalist began the quest for the Orb.
     0 | D:1      | Reached XP level 1. HP: 14/14 MP: 4/4
   109 | D:1      | Reached skill level 1 in Fighting
   109 | D:1      | Reached XP level 2. HP: 15/23 MP: 3/6
   113 | D:1      | Reached skill level 1 in Shields
   477 | D:1      | Reached XP level 3. HP: 22/28 MP: 3/7
  1360 | D:2      | Noticed a sky beast
  1369 | D:2      | Killed a sky beast
  1369 | D:2      | Reached XP level 4. HP: 18/36 MP: 0/9
  1369 | D:2      | Reached XP level 5. HP: 21/41 MP: 0/10
  1700 | D:2      | Learned a level 3 spell: Conjure Flame
  1705 | D:2      | Learned a level 4 spell: Sticky Flame
  1950 | D:2      | HP: 2/41 [crimson imp (1)]
  1951 | D:2      | Slain by a crimson imp

Skill      XL: |  1  2  3 |
---------------+----------+-----
Fighting       | 1 2 |  2.2
Shields        | 1 2 |  2.8
Spellcasting   | 2 |  2.2
Dodging        | |  1.7
Stealth        | |  1.7
Conjurations   | |  2.2
Hexes          | |  2.2
Charms         | |  2.2
Summonings     | |  2.2
Necromancy     | |  2.2
Translocations | |  2.2
Transmutations | |  2.2
Fire Magic     | |  2.2
Ice Magic      | |  2.2
Air Magic      | |  2.2
Earth Magic    | |  2.2
Poison Magic   | |  2.2

Action                   |  1- 3 |  4- 6 || total
-------------------------+-------+-------++-------
Melee: Spear             |    74 |    75 ||   149
       Unarmed           |     4 |       ||     4
       Bite              |     4 |     6 ||    10
       Headbutt          |     6 |     5 ||    11
 Cast: Flame Tongue      |    15 |     2 ||    17
  Use: Potion            |       |     2 ||     2
 Stab: Sleeping          |     6 |     1 ||     7
  Eat: Chunk             |     2 |     2 ||     4
Armor: Animal skin       |    17 |     4 ||    21
Dodge: Dodged            |    36 |    29 ||    65
Block: Buckler           |     6 |     9 ||    15
